SAAA
PENNSAUKEN FLYERS @ PURE MICHIGAN GREAT LAKERS
07/27/2033
 
TOP OF THE 1ST
Pennsauken Flyers batting - Pitching for Pure Michigan Great Lakers : LHP Chad Sanogo
Pitching: LHP Chad Sanogo
Batting: RHB Enrique Ibarra 0-0: Ground out 4-3 (Groundball, 34)
Batting: RHB Dave Ash 0-0: Swinging Strike
0-1: Called Strike
0-2: Foul Ball, location: 2F
0-2: Foul Ball, location: 2F
0-2: Ball
1-2: Ball
2-2: Ball
3-2: Fly out, F9 (Flyball, 9LM)
Batting: RHB Raúl Moreno 0-0: Called Strike
0-1: Foul Ball, location: 2F
0-2: Ball
1-2: Ball
2-2: Fly out, F8 (Flyball, 8RD)
Top of the 1st over - 0 runs, 0 hits, 0 errors, 0 left on base; Pennsauken 0 - Pure Michigan 0
BOTTOM OF THE 1ST
Pure Michigan Great Lakers batting - Pitching for Pennsauken Flyers : RHP Romano Martínez
Pitching: RHP Romano Martínez
Batting: SHB Cyrille Baffi 0-0: Ball
1-0: Called Strike
1-1: Swinging Strike
1-2: Ball
2-2: Ball
3-2: Base on Balls
Batting: LHB Yin-reng Hsueh 0-0: Ball
1-0: Ball
2-0: Fly out, F7 (Flyball, 7LSF)
Batting: RHB Alco Compagne 0-0: Ball
1-0: Fly out, F8 (Flyball, 8RD)
Batting: LHB Gilberto Moreno 0-0: Called Strike
0-1: Ball
1-1: Called Strike
Cyrille Baffi steals 2nd base
1-2: Ball
2-2: Ball
3-2: Fly out, F5 (Popup, 6S)
Bottom of the 1st over - 0 runs, 0 hits, 0 errors, 1 left on base; Pennsauken 0 - Pure Michigan 0
TOP OF THE 2ND
Pennsauken Flyers batting - Pitching for Pure Michigan Great Lakers : LHP Chad Sanogo
Batting: RHB Wilfred McLaughlin 0-0: Foul Ball, location: 2F
0-1: Ball
1-1: Foul Ball, location: 2F
1-2: Foul Ball, location: 2F
1-2: Ball
2-2: Foul Ball, location: 2F
2-2: Ball
3-2: Fly out, F8 (Flyball, 78D)
Batting: RHB Chris Teague 0-0: Called Strike
0-1: Ball
1-1: Ball
2-1: Ball
3-1: Ground out 5-3 (Groundball, 56)
Batting: SHB Paul Wite 0-0: Ball
1-0: Foul Ball, location: 2F
1-1: Ball
2-1: Called Strike
2-2: Ball
3-2: Hit by Pitch
Batting: RHB Clarence Therrien 0-0: Called Strike
0-1: Ball
1-1: Called Strike
1-2: Strikes out swinging
Top of the 2nd over - 0 runs, 0 hits, 0 errors, 1 left on base; Pennsauken 0 - Pure Michigan 0
BOTTOM OF THE 2ND
Pure Michigan Great Lakers batting - Pitching for Pennsauken Flyers : RHP Romano Martínez
Batting: RHB Dan Hendricks 0-0: Ball
1-0: Ball
2-0: Ball
3-0: Foul Ball, location: 2F
3-1: Base on Balls
Batting: SHB Quentin Harrop 0-0: Ball
1-0: Fielders Choice at 2nd, 4-6 (Groundball, 34)
Batting: SHB Allen Pandey 0-0: Swinging Strike
0-1: Fly out, F9 (Flyball, 9)
Batting: LHB Victor Schuur 0-0: Fly out, F4 (Line Drive, 4M)
Bottom of the 2nd over - 0 runs, 0 hits, 0 errors, 1 left on base; Pennsauken 0 - Pure Michigan 0
TOP OF THE 3RD
Pennsauken Flyers batting - Pitching for Pure Michigan Great Lakers : LHP Chad Sanogo
Batting: RHB Roy McFerran 0-0: Ball
1-0: Ball
2-0: Ball
3-0: Called Strike
3-1: Called Strike
3-2: Foul Ball, location: 2F
3-2: Foul Ball, location: 2F
3-2: Fly out, F7 (Flyball, 78D)
Batting: SHB Chris Williamson 0-0: Called Strike
0-1: DOUBLE (Flyball, 8RXD)
Batting: RHB Enrique Ibarra 0-0: Ball
1-0: Ball
2-0: Ball
3-0: Called Strike
3-1: Foul Ball, location: 2F
3-2: Foul Ball, location: 2F
3-2: Base on Balls
Batting: RHB Dave Ash 0-0: Fly out, F9 (Flyball, 89S)
Batting: RHB Raúl Moreno 0-0: Called Strike
0-1: Ball
1-1: Foul Ball, location: 2F
1-2: Foul Ball, location: 2F
1-2: Strikes out swinging
Top of the 3rd over - 0 runs, 1 hit, 0 errors, 2 left on base; Pennsauken 0 - Pure Michigan 0
BOTTOM OF THE 3RD
Pure Michigan Great Lakers batting - Pitching for Pennsauken Flyers : RHP Romano Martínez
Batting: RHB Dolla Head 0-0: Ball
1-0: Ball
2-0: SINGLE (Line Drive, 34D)
Batting: SHB Cyrille Baffi 0-0: Ball
1-0: Swinging Strike
1-1: Ball
2-1: Ball
3-1: Base on Balls
Dolla Head to second
Batting: LHB Yin-reng Hsueh 0-0: Swinging Strike
0-1: Called Strike
0-2: Ball
1-2: Ball
2-2: Strikes out looking
Batting: RHB Alco Compagne 0-0: Ball
1-0: Ball
2-0: Foul Ball, location: 2F
2-1: SINGLE (Groundball, 56D)
Dolla Head to third
Cyrille Baffi to second
Runner from 3rd tries for Home, SAFE, no throw
Batting: LHB Gilberto Moreno 0-0: Swinging Strike
0-1: Ball
1-1: Ball
2-1: Ball
3-1: Called Strike
3-2: Base on Balls
Cyrille Baffi to third
Alco Compagne to second
Batting: RHB Dan Hendricks 0-0: Ball
1-0: Swinging Strike
1-1: Fly out, F9 (Flyball, 89S)
Batting: SHB Quentin Harrop 0-0: Called Strike
0-1: Ball
1-1: Foul Ball, location: 2F
1-2: Strikes out swinging
Bottom of the 3rd over - 1 run, 2 hits, 0 errors, 3 left on base; Pennsauken 0 - Pure Michigan 1
TOP OF THE 4TH
Pennsauken Flyers batting - Pitching for Pure Michigan Great Lakers : LHP Chad Sanogo
Batting: RHB Wilfred McLaughlin 0-0: Called Strike
0-1: Ball
1-1: Foul Ball, location: 2F
1-2: Ball
2-2: Ground out 6-3 (Groundball, 6)
Batting: RHB Chris Teague 0-0: Swinging Strike
0-1: Fly out, F8 (Flyball, 8LM)
Batting: SHB Paul Wite 0-0: Ball
1-0: Foul Ball, location: 2F
1-1: Ball
2-1: SOLO HOME RUN (Flyball, 7D), Distance : 393 ft
Batting: RHB Clarence Therrien 0-0: Called Strike
0-1: Ball
1-1: Ball
2-1: Ball
3-1: Foul Ball, location: 2F
3-2: Base on Balls
Batting: RHB Roy McFerran 0-0: Ball
1-0: Foul Ball, location: 2F
1-1: Ball
2-1: Ball
3-1: Foul Ball, location: 2F
3-2: Base on Balls
Clarence Therrien to second
Batting: SHB Chris Williamson 0-0: Called Strike
0-1: Foul Ball, location: 2F
0-2: Ball
1-2: Fly out, F7 (Flyball, 78M)
Top of the 4th over - 1 run, 1 hit, 0 errors, 2 left on base; Pennsauken 1 - Pure Michigan 1
BOTTOM OF THE 4TH
Pure Michigan Great Lakers batting - Pitching for Pennsauken Flyers : RHP Romano Martínez
Batting: SHB Allen Pandey 0-0: Called Strike
0-1: Hit by Pitch
Batting: LHB Victor Schuur 0-0: Ball
1-0: Swinging Strike
1-1: Foul Ball, location: 2F
1-2: Foul Ball, location: 2F
1-2: Strikes out swinging
Batting: RHB Dolla Head 0-0: Called Strike
0-1: Ball
1-1: Fly out, F8 (Flyball, 8RXD)
Batting: SHB Cyrille Baffi 0-0: Ball
1-0: Ball
2-0: Foul Ball, location: 2F
2-1: Ball
3-1: Foul Ball, location: 2F
3-2: Base on Balls
Allen Pandey to second
Batting: LHB Yin-reng Hsueh 0-0: Swinging Strike
0-1: Foul Ball, location: 2F
0-2: Ball
1-2: Ground out 4-3 (Groundball, 4)
Bottom of the 4th over - 0 runs, 0 hits, 0 errors, 2 left on base; Pennsauken 1 - Pure Michigan 1
TOP OF THE 5TH
Pennsauken Flyers batting - Pitching for Pure Michigan Great Lakers : LHP Chad Sanogo
Batting: RHB Enrique Ibarra 0-0: Ball
1-0: Called Strike
1-1: Foul Ball, location: 2F
1-2: Strikes out looking
Batting: RHB Dave Ash 0-0: Foul Ball, location: 2F
0-1: Ball
1-1: SINGLE (Line Drive, 89M)
Batting: RHB Raúl Moreno 0-0: Ball
1-0: Foul Ball, location: 2F
1-1: Ball
2-1: Called Strike
2-2: Foul Ball, location: 2F
2-2: Foul Ball, location: 2F
2-2: Ball
3-2: Foul Ball, location: 2F
3-2: Base on Balls
Dave Ash to second
Batting: RHB Wilfred McLaughlin 0-0: Foul Ball, location: 2F
0-1: Ball
1-1: Ball
2-1: Ball
3-1: SINGLE (Groundball, 56D)
Dave Ash to third
Raúl Moreno to second
Runner from 3rd tries for Home, SAFE, no throw
Pitching: RHP Frederick Vázquez
Batting: RHB Chris Teague 0-0: Called Strike
0-1: Called Strike
0-2: Ball
1-2: Ball
2-2: Fly out, F9 (Flyball, 9D)
Batting: SHB Paul Wite 0-0: Ball
1-0: Ball
2-0: SINGLE (Groundball, 6MD)
Raúl Moreno to third
Wilfred McLaughlin to second
Batting: RHB Clarence Therrien 0-0: Called Strike
0-1: Foul Ball, location: 2F
0-2: Strikes out looking
Top of the 5th over - 1 run, 3 hits, 0 errors, 3 left on base; Pennsauken 2 - Pure Michigan 1
BOTTOM OF THE 5TH
Pure Michigan Great Lakers batting - Pitching for Pennsauken Flyers : RHP Romano Martínez
Batting: RHB Alco Compagne 0-0: SINGLE (Groundball, 6MD)
Batting: LHB Gilberto Moreno 0-0: Ball
1-0: Ball
2-0: Ball
3-0: Called Strike
3-1: Base on Balls
Alco Compagne to second
Batting: RHB Dan Hendricks 0-0: Ball
1-0: SINGLE (Line Drive, 4MD)
Alco Compagne to third
Gilberto Moreno to second
Batting: SHB Quentin Harrop 0-0: Foul Ball, location: 2F
0-1: Ball
1-1: Ball
2-1: Foul Ball, location: 2F
2-2: Foul Ball, location: 2F
2-2: Strikes out swinging
Batting: SHB Allen Pandey 0-0: Called Strike
0-1: Ball
1-1: Swinging Strike
1-2: Ball
2-2: Ball
3-2: Grounds into double play, 4-6-3 (Groundball, 4)
Bottom of the 5th over - 0 runs, 2 hits, 0 errors, 2 left on base; Pennsauken 2 - Pure Michigan 1
TOP OF THE 6TH
Pennsauken Flyers batting - Pitching for Pure Michigan Great Lakers : RHP Frederick Vázquez
Batting: RHB Roy McFerran 0-0: Ball
1-0: Ball
2-0: Ball
3-0: Called Strike
3-1: Fly out, F7 (Line Drive, 78S)
Batting: SHB Chris Williamson 0-0: Ball
1-0: Called Strike
1-1: Ball
2-1: Foul Ball, location: 2F
2-2: Ball
3-2: Strikes out swinging
Batting: RHB Enrique Ibarra 0-0: Ball
1-0: Fly out, F4 (Line Drive, 4)
Top of the 6th over - 0 runs, 0 hits, 0 errors, 0 left on base; Pennsauken 2 - Pure Michigan 1
BOTTOM OF THE 6TH
Pure Michigan Great Lakers batting - Pitching for Pennsauken Flyers : RHP Romano Martínez
Batting: LHB Victor Schuur 0-0: Called Strike
0-1: Swinging Strike
0-2: Strikes out looking
Batting: RHB Dolla Head 0-0: Ground out 4-3 (Groundball, 4)
Batting: SHB Cyrille Baffi 0-0: Ground out 4-3 (Groundball, 4M)
Bottom of the 6th over - 0 runs, 0 hits, 0 errors, 0 left on base; Pennsauken 2 - Pure Michigan 1
TOP OF THE 7TH
Pennsauken Flyers batting - Pitching for Pure Michigan Great Lakers : RHP Frederick Vázquez
Batting: RHB Dave Ash 0-0: Swinging Strike
0-1: Swinging Strike
0-2: Foul Ball, location: 2F
0-2: SOLO HOME RUN (Line Drive, 7D), Distance : 389 ft
Batting: RHB Raúl Moreno 0-0: Called Strike
0-1: Ball
1-1: Called Strike
1-2: Hit by Pitch
Batting: RHB Wilfred McLaughlin 0-0: Called Strike
0-1: Foul Ball, location: 2F
0-2: Fly out, F9 (Flyball, 89M)
Batting: RHB Chris Teague 0-0: Ball
1-0: Ball
2-0: Swinging Strike
2-1: Fly out, F6 (Line Drive, 6)
Batting: SHB Paul Wite 0-0: Ball
1-0: Called Strike
1-1: Foul Ball, location: 2F
1-2: Strikes out swinging
Top of the 7th over - 1 run, 1 hit, 0 errors, 1 left on base; Pennsauken 3 - Pure Michigan 1
BOTTOM OF THE 7TH
Pure Michigan Great Lakers batting - Pitching for Pennsauken Flyers : RHP Romano Martínez
Batting: LHB Yin-reng Hsueh 0-0: Ball
1-0: Ball
2-0: Ball
3-0: Called Strike
3-1: Base on Balls
Batting: RHB Alco Compagne 0-0: Ball
1-0: Foul Ball, location: 2F
1-1: Ball
2-1: Foul Ball, location: 2F
2-2: Fly out, F9 (Flyball, 9)
Batting: LHB Gilberto Moreno 0-0: Ball
1-0: Swinging Strike
1-1: Ball
2-1: Foul Ball, location: 2F
2-2: Reached on error, E4 (Groundball, 4)
Yin-reng Hsueh to second
Batting: RHB Dan Hendricks 0-0: Ball
Throwing error on steal attempt, E2
Yin-reng Hsueh scores
Gilberto Moreno to third
1-0: Ball
2-0: Ball
3-0: Called Strike
3-1: Base on Balls
Pitching: RHP Manny Benavides
Batting: SHB Quentin Harrop 0-0: Called Strike
0-1: Swinging Strike
0-2: Foul Ball, location: 2F
0-2: Ball
1-2: Strikes out looking
Batting: SHB Allen Pandey 0-0: Ball
1-0: Called Strike
1-1: Foul Ball, location: 2F
1-2: Fly out, F5 (Popup, 5SF)
Bottom of the 7th over - 1 run, 0 hits, 2 errors, 2 left on base; Pennsauken 3 - Pure Michigan 2
TOP OF THE 8TH
Pennsauken Flyers batting - Pitching for Pure Michigan Great Lakers : RHP Frederick Vázquez
Batting: RHB Clarence Therrien 0-0: Ball
1-0: Foul Ball, location: 2F
1-1: Ball
2-1: Swinging Strike
2-2: Foul Ball, location: 2F
2-2: Ground out 6-3 (Groundball, 6M)
Batting: RHB Roy McFerran 0-0: Called Strike
0-1: Ball
1-1: Ball
2-1: Ground out 4-3 (Groundball, 4)
Batting: SHB Chris Williamson 0-0: Ball
1-0: SOLO HOME RUN (Flyball, 9LD), Distance : 358 ft
Batting: RHB Enrique Ibarra 0-0: Ball
1-0: Ball
2-0: Fly out, F9 (Flyball, 9)
Top of the 8th over - 1 run, 1 hit, 0 errors, 0 left on base; Pennsauken 4 - Pure Michigan 2
BOTTOM OF THE 8TH
Pure Michigan Great Lakers batting - Pitching for Pennsauken Flyers : RHP Manny Benavides
Batting: LHB Victor Schuur 0-0: Swinging Strike
0-1: Fly out, F9 (Flyball, 9LSF)
Batting: RHB Dolla Head 0-0: Ball
1-0: Foul Ball, location: 2F
1-1: Fly out, F8 (Flyball, 8LS)
Batting: SHB Cyrille Baffi 0-0: Ball
1-0: Fly out, F6 (Line Drive, 6M)
Bottom of the 8th over - 0 runs, 0 hits, 0 errors, 0 left on base; Pennsauken 4 - Pure Michigan 2
TOP OF THE 9TH
Pennsauken Flyers batting - Pitching for Pure Michigan Great Lakers : RHP Frederick Vázquez
Pitching: LHP Pedro Garza
Batting: RHB Dave Ash 0-0: Ball
1-0: Ball
2-0: Ball
3-0: Base on Balls
Batting: RHB Raúl Moreno 0-0: Ball
1-0: Swinging Strike
1-1: Foul Ball, location: 2F
1-2: Strikes out looking
Batting: RHB Wilfred McLaughlin 0-0: Called Strike
0-1: Ball
1-1: Ball
2-1: Ball
3-1: DOUBLE (Flyball, 8LXD)
Dave Ash to third
Runner from 3rd tries for Home, SAFE, no throw
Batting: RHB Chris Teague 0-0: Intentional Walk
Batting: SHB Paul Wite 0-0: Swinging Strike
0-1: Ground out 4-3 (Groundball, 4S)
Wilfred McLaughlin to third
Chris Teague to second
Batting: RHB Clarence Therrien 0-0: Called Strike
0-1: Foul Ball, location: 2F
0-2: Fly out, F9 (Flyball, 9S)
Top of the 9th over - 1 run, 1 hit, 0 errors, 2 left on base; Pennsauken 5 - Pure Michigan 2
BOTTOM OF THE 9TH
Pure Michigan Great Lakers batting - Pitching for Pennsauken Flyers : RHP Manny Benavides
Pitching: RHP Manny Hernández
Batting: LHB Yin-reng Hsueh 0-0: Called Strike
0-1: Foul Ball, location: 2F
0-2: Strikes out looking
Batting: RHB Alco Compagne 0-0: Ball
1-0: Ground out 4-3 (Groundball, 4)
Batting: LHB Gilberto Moreno 0-0: Called Strike
0-1: Called Strike
0-2: Ball
1-2: Ball
2-2: Foul Ball, location: 2F
2-2: Ball
3-2: Base on Balls
Batting: RHB Dan Hendricks 0-0: Ball
1-0: Called Strike
1-1: Foul Ball, location: 2F
1-2: Ball
2-2: Fly out, F9 (Flyball, 9)
Bottom of the 9th over - 0 runs, 0 hits, 0 errors, 1 left on base; Pennsauken 5 - Pure Michigan 2
Saturday, December 22nd, 2018 - OOTP Baseball 18.8 Build 76